 Dungeon Crawl Stone Soup version 0.22-a0-348-gd16d139 (webtiles) character file.

553619 iamserjio the Spry (level 25, -11/132 HPs)
             Began as an Octopode Monk on Apr 10, 2018.
             Was an Elder of Yredelemnul.
             Mangled by a tentacled monstrosity (12 damage)
             ... on level 1 of the Realm of Zot on Apr 11, 2018.
             The game lasted 13:43:58 (78297 turns).

iamserjio the Spry (Octopode Monk)                 Turns: 78297, Time: 13:43:59

Health: -11/132    AC:  7    Str: 16 (17) XL:     25   Next: 76%
Magic:  16/36      EV: 28    Int: 14      God:    Yredelemnul [****..]
Gold:   3299       SH: 34    Dex: 23 (25) Spells: 24/42 levels left

rFire    + . .     SeeInvis .   F - +6 broad axe (flame)
rCold    + + .     Gourm    .   p - +10 large shield of Ignorance {rN+ Int-4}
rNeg     + + .     Faith    .   n - +0 hat "Coeguypo" {+Blink rC+ rCorr}
rPois    +         Spirit   .   J - +4 amulet of reflection
rElec    .         Reflect  +   K - ring of protection from fire
rCorr    +         Harm     .   H - +4 ring of slaying
MR       +++..     Rnd*Rage +   i - ring of wizardry
Stlth    ++++++....             A - ring of protection from magic
HPRegen  0.32/turn              h - +6 ring of protection
MPRegen  0.25/turn              I - ring "Ixolasaig" {rF- rC+ Str+4 Dex+7 Stlth+}
                                D - ring of Wuemagogg {rF+ Str+4 Int+2 Dex-2}
                                B - ring "Zuschun" {rPois rN+ MR+ Str-4 Dex+4}

@: constricted
A: almost no armour, stealthy swim, amphibious, 8 rings, constrict 8, antennae
1, camouflage 1, [berserk 2], [blurry vision 3], [clumsy 2], [frail 3],
gelatinous body 1, [no potion heal 3]
}: 4/15 runes: decaying, slimy, silver, gossamer
a: Recall Undead Slaves, Injury Mirror, Animate Dead, Drain Life, Renounce
Religion, Evoke Blink


You were on level 1 of the Realm of Zot.
You worshipped Yredelemnul.
Yredelemnul was greatly pleased with you.
You were near starving.

You visited 13 branches of the dungeon, and saw 56 of its levels.
You visited the Abyss 1 time.
You also visited: Labyrinth, Trove and Sewer.

You collected 9524 gold pieces.
You spent 6225 gold pieces at shops.

Inventory:

Hand Weapons
 F - a +6 broad axe of flaming (weapon)
 R - a +5 war axe of electrocution
 W - a +7 demon trident of draining
Armour
 a - the +3 large shield of Untruth {rElec}
   (You bought it in a shop on level 2 of the Orcish Mines)

   It insulates you from electricity.
 n - the +0 hat "Coeguypo" (worn) {+Blink rC+ rCorr}
   (You found it in a treasure trove)

   It protects you from cold.
   It lets you blink.
   It protects you from acid and corrosion.
 p - the +10 large shield of Ignorance (worn) {rN+ Int-4}
   (You took it off a vault warden on level 5 of the Vaults)

   It affects your intelligence (-4).
   It protects you from negative energy.
Jewellery
 c - an uncursed ring of protection from magic
 h - a +6 ring of protection (on tentacle)
 i - a ring of wizardry (on tentacle)
 m - an uncursed ring of protection from fire
 o - an uncursed ring of wizardry
 x - an uncursed ring of see invisible
 A - a ring of protection from magic (on tentacle)
 B - the ring "Zuschun" (on tentacle) {rPois rN+ MR+ Str-4 Dex+4}
   (You bought it in a shop on level 1 of the Depths)

   [ring of protection from magic]

   It affects your strength (-4).
   It affects your dexterity (+4).
   It protects you from poison.
   It protects you from negative energy.
   It affects your resistance to hostile enchantments.
 D - the ring of Wuemagogg (on tentacle) {rF+ Str+4 Int+2 Dex-2}
   (You found it on level 5 of the Pits of Slime)

   [ring of protection from fire]

   It affects your strength (+4).
   It affects your intelligence (+2).
   It affects your dexterity (-2).
   It protects you from fire.
 H - a +4 ring of slaying (right tentacle)
 I - the ring "Ixolasaig" (on tentacle) {rF- rC+ Str+4 Dex+7 Stlth+}
   (You bought it in a shop on level 1 of the Depths)

   [ring of stealth]

   It affects your strength (+4).
   It affects your dexterity (+7).
   It makes you vulnerable to fire.
   It protects you from cold.
   It makes you more stealthy.
 J - a +4 amulet of reflection (around mantle)
 K - a ring of protection from fire (left tentacle)
 N - an uncursed ring of protection from cold
 S - an uncursed ring of protection from fire
Wands
 y - a wand of disintegration (22)
 Y - a wand of digging (37)
 Z - a wand of acid (31)
Scrolls
 f - 21 scrolls of remove curse
 l - 9 scrolls of fog
 q - a scroll of brand weapon
 t - 9 scrolls of fear
 u - 19 scrolls of teleportation
 v - 4 scrolls of vulnerability
 G - a scroll of summoning
 Q - 8 scrolls of immolation
 U - 2 scrolls of silence
Potions
 d - a potion of heal wounds
 e - a potion of curing
 g - a potion of lignification
 j - 5 potions of agility
 r - a potion of mutation
 w - 2 potions of resistance
 z - 4 potions of invisibility
 C - 5 potions of cancellation
 O - 3 potions of magic
 P - 2 potions of might
 T - 2 potions of berserk rage
 X - 6 potions of haste
Miscellaneous
 k - a lamp of fire
 M - a phantom mirror
Comestibles
 b - 40 rations


   Skills:
 - Level 20.0 Fighting
   Level 0.5(3.3) Short Blades
   Level 5.3 Long Blades
 * Level 7.4(11.7) Axes
 - Level 14.0(14.6) Polearms
 - Level 20.0 Dodging
 - Level 7.0 Stealth
 - Level 16.0 Shields
 + Level 9.0 Spellcasting
 - Level 1.0 Conjurations
 + Level 13.0 Summonings
 * Level 14.9 Transmutations
 - Level 1.0 Air Magic
   Level 0.0 Earth Magic
 - Level 16.0 Invocations


You had 24 spell levels left.
You knew the following spells:

 Your Spells              Type           Power        Failure   Level  Hunger
a - Mephitic Cloud        Conj/Pois/Air  #.......     32%         3    ##.....
b - Sticks to Snakes      Tmut           #####...     1%          2    None
c - Summon Lightning Spi  Summ/Air       ####....     9%          4    ####...
d - Summon Demon          Summ           #####.....   1%          5    #####..
e - Summon Guardian Gole  Hex/Summ       ###.....     3%          3    ##.....
f - Apportation           Tloc           #.....       16%         1    None


Dungeon Overview and Level Annotations

Branches:
Dungeon (15/15)            Temple (1/1) D:6            Lair (6/6) D:10
  Swamp (4/4) Lair:4       Spider (4/4) Lair:2        Slime (5/5) Lair:5
    Orc (2/2) D:11            Elf (3/3) Orc:2        Vaults (5/5) D:13
  Crypt (3/3) Vaults:2       Tomb (2/3) Crypt:3      Depths (5/5) D:15
    Zot (1/5) Depths:5

Altars:
Ashenzari
Cheibriados
Dithmenos
Elyvilon
Fedhas
Gozag
Hepliaklqana
Kikubaaqudgha
Makhleb
Nemelex Xobeh
Okawaru
Qazlal
Ru
Sif Muna
Trog
Uskayaw
Vehumet
Wu Jian
Xom
Yredelemnul
Zin
The Shining One
Jiyva

Shops:
D:6 *%   D:13 [   D:15 =   Orc:2 **[   Vaults:3 [   Vaults:4 [   Depths:1 [=**
Depths:2 *

Portals:
Hell: Depths:1 Depths:2 Depths:3 Depths:4 Depths:5
Abyss: Depths:4 Depths:5
Pandemonium: Depths:2 Depths:3
Ziggurat: Depths:1

Annotations:
Slime:5 Royal Jelly


Innate Abilities, Weirdness & Mutations

You cannot wear most types of armour.
You are very stealthy in the water. (Stealth+)
You are amphibious.
You can wear up to eight rings at the same time.
You can use your tentacles to constrict eight enemies at once.
Your skin changes colour to match your surroundings (Stealth+).
Your rubbery body absorbs attacks. (AC +1, EV +1)
You have a pair of small antennae on your head.
[You often lose your temper in combat.]
[Scrolls take you much longer to read.]
[You are very clumsy. (Dex -4)]
[You are extremely frail. (-30% HP)]
[Potions cannot restore your health.]


Message History

The floor.
Unknown command.
Press: ? - help, v - describe, . - travel
Here: an electric golem (severely damaged)
The floor.
You draw life from your surroundings.
You feel somewhat more hungry.
The electric golem blinks!
The tentacled monstrosity misses you.
You block the tentacled monstrosity's attack. x2
* * * LOW HITPOINT WARNING * * *
The tentacled monstrosity constricts you!
The electric golem blinks!
Evoke which item? (* to show all) (? for menu, Esc to quit)
Okay, then.
You draw life from your surroundings.
You are near starving!
You block the tentacled monstrosity's attack.
The tentacled monstrosity tentacle-slaps you!
You die...
Your body rises from the dead as a mindless zombie.

#......
#.....##
#......#
#......#
#.§....#
#......#
#......#
##..@...##
#..∩^X...#
#...8....#
#........#
#.........⌠#
#..........#
#.#......#.#
..##....##..
... ##.###


You could see an electric golem and a tentacled monstrosity.

Vanquished Creatures
  A golden dragon (Vaults:4)
  A bone dragon (Depths:5)
  3 liches
  3 tentacled monstrosities (Vaults:5)
  2 deep elf master archers (Elf:3)
  A quicksilver dragon (Vaults:4)
  20 acid blobs
  8 sphinxes
  An ancient champion (Crypt:1)
  3 storm dragons
  6 tengu reavers
  3 shadow dragons
  A revenant (Crypt:2)
  4 azure jellies
  9 fire giants
  2 iron dragons (Vaults:5)
  3 frost giants
  9 vault wardens
  2 ghouls (Crypt:1)
  2 war gargoyles (Crypt:3)
  13 very ugly things
  5 ironheart preservers
  2 spriggan defenders (Depths:2)
  A deep elf elementalist (Elf:2)
  2 green draconians (Depths:5)
  6 vampire knights
  An entropy weaver (Spider:1)
  12 stone giants
  4 deep elf demonologists
  A minotaur (Lab)
  2 red draconians
  A deep elf annihilator (Elf:3)
  A purple draconian (Depths:5)
  3 ettins
  3 spark wasps
  4 death oozes
  5 fire dragons
  4 jiangshi
  2 deep elf death magi
  2 crystal guardians
  5 great orbs of eyes
  Erolcha (D:12)
  8 yaktaur captains
  A deep elf high priest (Vaults:5)
  4 rakshasas
  5 ice dragons
  18 vault guards
  3 hydras
  2 quicksilver dragon skeletons
  3 centaur warriors
  23 two-headed ogres
  3 spriggan air magi
  5 deep troll earth magi
  2 alligators
  5 death knights
  3 tengu warriors
  5 spriggan berserkers
  14 death scarabs (Tomb:1)
  5 ogre magi
  9 dancing weapons
  A vampire mage (Vaults:2)
  5 death yaks
  An orc high priest (Elf:1)
  Urug (D:12)
  A titan zombie (Crypt:3)
  A wretched star (Abyss:3)
  4 deep elf knights
  An iron troll (shapeshifter) (Vaults:5)
  Sonja (Lair:1)
  A titan skeleton (Crypt:3)
  3 hell knights
  7 skeletal warriors
  An anaconda zombie (Tomb:1)
  2 unseen horrors
  A deep troll (Vaults:5)
  2 wizards
  3 swamp dragons
  A torturous demonspawn (Depths:2)
  5 glowing orange brains
  2 golden dragon skeletons (Crypt:3)
  3 necromancers (Crypt:3)
  6 ironbrand convokers
  2 orc knights (Orc:2)
  6 harpies
  A shambling mangrove (Lair:4)
  6 phantasmal warriors
  A shining eye (shapeshifter) (Depths:4)
  A stone giant zombie (Tomb:1)
  2 salamanders (shapeshifter)
  4 orb spiders
  A shadow dragon zombie (Crypt:1)
  A cyclops (Vaults:2)
  6 wolf spiders
  25 ugly things
  2 iron dragon zombies
  An orc sorcerer (Orc:1)
  3 shining eyes
  27 deep elf magi
  A manticore (D:12)
  Maurice (D:12)
  Joseph (D:9)
  A rust devil (Depths:2)
  A fire giant skeleton (Crypt:2)
  5 vault sentinels
  Psyche (D:12)
  2 eyes of devastation (Slime:3)
  4 elephants
  6 spiny frogs
  A black mamba (Lair:4)
  An orange demon (Depths:3)
  2 water nymphs (shapeshifter)
  2 gargoyles
  A rime drake (Lair:6)
  2 kobold demonologists
  20 yaktaurs
  A grey draconian zombie (Crypt:1)
  A komodo dragon (Lair:1)
  A yaktaur (shapeshifter) (Elf:3)
  A freezing wraith (Vaults:5)
  An ancient zyme (Abyss:3)
  A tengu conjurer (D:12)
  3 demonic crawlers
  A sea snake skeleton (Crypt:2)
  A catoblepas skeleton (Abyss:3)
  3 guardian mummies (Tomb:1)
  10 jumping spiders
  5 trolls
  2 tyrant leeches
  10 hornets
  3 polar bears
  A hornet (shapeshifter) (Depths:4)
  A wind drake (shapeshifter) (Depths:3)
  3 raiju (Abyss:3)
  4 hippogriffs
  81 slime creatures
  3 dream sheep (Lair:6)
  7 blink frogs
  2 fire dragon zombies
  A bog body (Crypt:1)
  An ice dragon zombie (Crypt:1)
  A hippogriff (shapeshifter) (Vaults:2)
  A hydra skeleton (Crypt:3)
  10 flying skulls
  An ettin skeleton (Crypt:1)
  A dire elephant simulacrum (Crypt:1)
  2 spriggans (Depths:5)
  Sigmund (D:3)
  19 redbacks
  2 tarantellas (shapeshifter)
  3 shadows
  3 air elementals
  7 fire bats (D:9)
  2 humans (Lair:5)
  11 tarantellas
  3 water elementals (Depths:4)
  9 yaks
  A basilisk (Lair:5)
  2 wyverns
  2 humans (shapeshifter)
  8 wraiths
  8 golden eyes
  4 vampire mosquitoes
  A steam dragon (Lair:1)
  A hungry ghost (D:11)
  A warg (Vaults:2)
  8 swamp worms
  5 insubstantial wisps
  A soldier ant (shapeshifter) (Vaults:4)
  2 soldier ants
  Duvessa (D:6)
  An acid dragon (D:12)
  2 water moccasins
  6 porcupines
  4 swamp drakes
  A merfolk skeleton (Crypt:2)
  28 orc warriors
  A black bear (shapeshifter) (Vaults:4)
  5 sky beasts
  6 black bears
  9 eyes of draining
  3 necrophages
  16 ogres
  13 wolves
  4 boggarts
  9 centaurs
  5 crocodiles
  6 big kobolds
  2 gnoll sergeants
  A small abomination (Abyss:3)
  10 bullfrogs
  2 wyvern zombies
  2 earth elementals
  A wyvern skeleton (D:11)
  4 scorpions
  Dowan (D:5)
  6 killer bees
  8 wights
  5 howler monkeys
  4 crimson imps
  A bullfrog zombie (D:7)
  A demonspawn zombie (Crypt:1)
  3 quasits
  8 orc priests
  7 jellies
  2 bullfrog skeletons
  3 centaur skeletons
  6 hounds
  3 iron imps
  Jessica (D:3)
  6 iguanas
  12 orc wizards
  2 hell rats (Lair:6)
  8 worker ants
  An ogre zombie (Crypt:3)
  A hound zombie (D:5)
  An ogre skeleton (Crypt:2)
  A hound skeleton (D:11)
  7 mummies (Tomb:1)
  Robin (D:4)
  18 gnolls
  16 adders
  3 shadow imps
  A white imp (Depths:2)
  An ooze (D:5)
  2 adder skeletons
  6 worms
  2 dart slugs (D:2)
  7 leopard geckos
  49 orcs
  9 ball pythons (D:3)
  47 bats
  5 giant cockroaches
  15 goblins
  14 hobgoblins
  20 jackals
  5 quokkas
  6 frilled lizards
  23 kobolds
  An orc zombie (Crypt:3)
  A quokka skeleton (D:8)
  3 rats
  A butterfly (D:6)
1240 creatures vanquished.

Vanquished Creatures (collateral kills)
  the Royal Jelly (Slime:5)
  3 ancient liches
  3 greater mummies (Tomb:1)
  the Lernaean hydra (Swamp:4)
  Boris (twice) (Depths:5 Tomb:2)
  Margery (Depths:1)
  A caustic shrike (Depths:2)
  5 golden dragons
  the Enchantress (Depths:2)
  Arachne (Spider:4)
  The ghost of torrenera the Bludgeoner, an adept OgFi of Okawaru (Elf:2)
  Jorgrun (Spider:4)
  A bone dragon (Crypt:3)
  5 liches
  4 tentacled monstrosities
  Rupert (Lair:3)
  2 titans
  2 deep elf blademasters (Elf:3)
  11 acid blobs
  12 sphinxes
  A thorn hunter (Swamp:4)
  2 ancient champions
  Roxanne (Spider:1)
  2 shadow dragons
  A draconian monk (Depths:5)
  2 tengu reavers
  3 revenants
  4 azure jellies
  Kirke (Lair:5)
  A draconian knight (Depths:5)
  4 fire giants
  An iron dragon (Depths:2)
  5 ghost moths (Spider:4)
  Aizul (Spider:1)
  5 deep elf sorcerers
  5 emperor scorpions (Spider:4)
  9 vault wardens
  6 frost giants
  A balrug (Depths:2)
  3 ghouls
  3 deep elf elementalists
  A reaper (Crypt:2)
  6 ironheart preservers
  2 war gargoyles (Crypt:3)
  2 spriggan defenders (Depths:2)
  4 vampire knights
  11 very ugly things
  14 stone giants
  5 entropy weavers
  3 deep elf demonologists
  A dire elephant (D:15)
  5 deep elf annihilators
  A purple draconian (Depths:5)
  A yellow draconian (Depths:5)
  5 spark wasps
  3 deep elf death magi (Elf:3)
  A merfolk javelineer (Depths:4)
  5 jiangshi
  2 crystal guardians (Crypt:3)
  5 yaktaur captains
  6 fire dragons
  3 death oozes (Slime:5)
  Snorg (Lair:4)
  8 ettins
  13 ogre magi
  3 mummy priests (Tomb:1)
  2 deep elf high priests (Elf:3)
  5 great orbs of eyes
  3 ice dragons
  A servant of whispers (Elf:1)
  A peacekeeper (Elf:1)
  12 vault guards
  2 rakshasas
  Harold (Lair:3)
  A ghost crab (Swamp:2)
  2 spriggan air magi (Depths:2)
  28 hydras
  A monstrous demonspawn (Depths:2)
  3 death knights
  21 dancing weapons
  7 centaur warriors
  35 two-headed ogres
  A catoblepas (Lair:6)
  6 vampire magi
  8 alligators
  3 deep troll shamans
  3 deep troll earth magi
  A titan zombie (Crypt:3)
  11 death scarabs (Tomb:1)
  7 death yaks
  6 tengu warriors
  3 spriggan berserkers
  A sun demon (Depths:3)
  12 hell knights
  A soul eater (Elf:3)
  18 skeletal warriors
  14 deep elf knights
  A deep troll (Vaults:2)
  An infernal demonspawn (Depths:3)
  2 shadow wraiths
  A deep troll (shapeshifter) (Elf:3)
  7 flayed ghosts
  3 unseen horrors
  A gelid demonspawn (Depths:2)
  2 glowing orange brains
  4 wizards
  7 phantasmal warriors
  2 shambling mangroves
  10 ironbrand convokers
  An anaconda skeleton (Crypt:2)
  6 swamp dragons
  8 orc knights
  2 lindwurms (Lair:6)
  7 deep elf archers
  10 harpies
  4 necromancers
  23 orb spiders
  A wolf spider zombie (D:15)
  24 deep elf magi
  A manticore (D:15)
  An orc sorcerer (Vaults:2)
  18 wolf spiders
  4 shining eyes
  38 ugly things
  6 cyclopes
  10 elephants
  A moth of wrath (shapeshifter) (Vaults:4)
  3 black mambas (Lair:6)
  3 frost giant skeletons
  A guardian serpent (shapeshifter) (Depths:3)
  An eye of devastation (Slime:3)
  2 torpor snails (Spider:4)
  2 gargoyles
  2 spiny frogs (shapeshifter)
  8 vault sentinels
  A smoke demon (Depths:3)
  A hellion (Depths:3)
  A molten gargoyle (Elf:1)
  7 spiny frogs
  A rime drake (shapeshifter) (Vaults:2)
  11 freezing wraiths
  5 komodo dragons
  2 rime drakes
  11 demonic crawlers
  A harpy zombie (Crypt:1)
  A red devil (Elf:3)
  25 yaktaurs
  4 guardian mummies
  A jumping spider (shapeshifter) (Vaults:5)
  A tengu conjurer (Depths:2)
  3 polar bears
  33 jumping spiders
  18 hornets
  37 slime creatures
  A harpy skeleton (D:13)
  5 tyrant leeches
  5 bog bodies
  6 blink frogs
  4 dream sheep (Lair:6)
  A fire dragon zombie (Crypt:3)
  A tarantella zombie (Spider:1)
  A slime creature (shapeshifter) (Elf:3)
  6 hippogriffs
  A jumping spider zombie (Spider:3)
  22 flying skulls
  39 redbacks
  A redback (shapeshifter) (Depths:5)
  8 spriggans
  A spriggan (shapeshifter) (Vaults:2)
  6 wraiths
  2 fire dragon skeletons
  A ynoxinul (Depths:2)
  19 tarantellas
  An alligator skeleton (Crypt:2)
  A shadow (Swamp:2)
  6 air elementals
  A fire elemental (Elf:3)
  15 yaks
  3 wyverns
  2 hogs (Lair:5)
  A basilisk (shapeshifter) (Depths:2)
  5 water elementals
  3 basilisks
  9 fire bats (D:9)
  A steam dragon (D:15)
  Grum (D:8)
  A chaos spawn (Abyss:3)
  2 golden eyes
  3 hungry ghosts
  3 vampire mosquitoes
  A yaktaur simulacrum (Vaults:2)
  7 insubstantial wisps
  A swamp worm (shapeshifter) (Elf:2)
  6 swamp worms
  2 wind drake skeletons (Crypt:1)
  A warg (shapeshifter) (Depths:2)
  A warg (D:11)
  6 acid dragons
  A soldier ant (D:15)
  6 water moccasins
  5 porcupines
  A hornet zombie (D:15)
  13 swamp drakes
  An ice beast (D:8)
  11 orc warriors
  A sky beast (D:8)
  2 eyes of draining (shapeshifter)
  3 eyes of draining
  3 phantoms
  A black bear (Lair:3)
  11 wolves
  An ogre (shapeshifter) (Vaults:2)
  25 ogres
  5 boggarts
  A tengu (shapeshifter) (Vaults:2)
  5 necrophages
  8 centaurs
  4 crocodiles
  A komodo dragon zombie (Crypt:1)
  13 bullfrogs
  A hippogriff skeleton (Crypt:2)
  A bullfrog (shapeshifter) (D:15)
  An earth elemental (Elf:3)
  A scorpion (D:10)
  7 wights
  2 killer bees (D:8)
  An electric eel (Spider:2)
  A bullfrog zombie (D:9)
  2 crimson imps
  A quasit (D:13)
  2 hounds
  A jelly (D:7)
  4 centaur skeletons
  4 orc priests
  3 iguanas
  4 orc wizards
  A worker ant (D:13)
  3 hell rats (Lair:6)
  A killer bee zombie (D:7)
  A felid zombie (Crypt:2)
  A hound skeleton (D:11)
  7 mummies (Tomb:1)
  A gnoll (D:7)
  5 adders
  2 shadow imps
  A white imp (Depths:2)
  An adder zombie (Crypt:2)
  15 orcs
  A quokka (D:10)
  22 bats (D:9)
  A goblin (shapeshifter) (Vaults:5)
  9 kobolds
  A bush (D:14)
  2 crawling corpses (Elf:3)
  30 fungi
  23 plants
1342 creatures vanquished.

Vanquished Creatures (others)
  5 profane servitors
  8 bone dragons
  An eldritch tentacle (Depths:4)
  6 ghouls
  2 spectral tengu (Vaults:5)
  2 deep elf elementalists
  3 spectral humans
  8 vampire knights
  A spectral titan (Vaults:5)
  A yaktaur captain (Vaults:5)
  A spectral fire giant (Vaults:5)
  A spectral minotaur (Depths:2)
  A vault guard (Vaults:5)
  A death scarab (Tomb:1)
  A titan zombie (Depths:2)
  A deep troll shaman (Vaults:2)
  A storm dragon zombie (Vaults:5)
  2 spark wasp zombies (Depths:2)
  2 very ugly thing zombies (Depths:5)
  A deep troll (Vaults:2)
  19 skeletal warriors
  A golden dragon zombie (Vaults:5)
  A deep elf archer (Vaults:3)
  12 phantasmal warriors
  3 sphinx zombies
  A spectral ogre (Vaults:2)
  10 flayed ghosts
  3 ugly thing zombies
  3 wolf spider zombies
  2 frost giant zombies
  A deep elf mage (Orc:2)
  A spectral rakshasa (Depths:3)
  2 spectral spriggans
  17 human zombies
  A cyclops (Vaults:2)
  9 death scarab zombies (Tomb:1)
  A fire giant skeleton (Vaults:4)
  2 stone giant zombies
  9 spectral elves
  A centaur skeleton (Depths:3)
  A spectral orc (Abyss:3)
  2 spriggan skeletons (Depths:5)
  7 yaktaurs
  6 redback zombies
  2 hydra zombies
  A demonic crawler zombie (Spider:1)
  A troll (shapeshifter) (Vaults:5)
  A saltling (Elf:1)
  4 tarantella zombies
  A raiju (Abyss:3)
  2 fire dragon zombies
  An alligator zombie (Swamp:4)
  2 ettin zombies (Depths:2)
  10 jumping spider zombies
  A black mamba zombie (Lair:6)
  15 flying skulls
  5 spriggan zombies
  2 wraiths
  10 vampires
  2 elf skeletons
  2 spiny frog zombies
  5 elf zombies
  6 two-headed ogre zombies
  3 orb spider zombies
  3 hornet zombies
  An ogre skeleton (Depths:2)
  2 orc warriors (Orc:2)
  An elephant zombie (Lair:5)
  2 ogres
  A vampire mosquito zombie (D:15)
  2 centaurs (Orc:2)
  A torpor snail zombie (Spider:4)
  A hippogriff zombie (D:8)
  8 yaktaur zombies
  2 water moccasin zombies
  A wyvern zombie (D:12)
  2 yaktaur skeletons
  A wyvern skeleton (D:15)
  A yak zombie (Lair:5)
  A wight (Lair:5)
  A spectral boggart (Depths:3)
  3 bullfrog zombies
  5 centaur zombies
  A human skeleton (Lair:6)
  A bog body skeleton (Crypt:1)
  2 killer bee zombies
  A crocodile zombie (Lair:2)
  6 ogre zombies
  A sky beast zombie (D:8)
  A necrophage skeleton (Crypt:2)
  A hound zombie (D:9)
  2 mummies
  A hell rat zombie (Lair:6)
  A howler monkey zombie (D:8)
  2 adder zombies (D:9)
  A ball lightning (Vaults:5)
  3 orcs (Orc:2)
  16 bat skeletons (D:9)
  15 bat zombies (D:9)
  2 gnoll zombies (Orc:1)
  A kobold zombie (D:7)
  5 orc skeletons
  9 orc zombies
  A bush (Lair:6)
  13 fungi
  A lurking horror (Abyss:3)
  11 plants
  24 starspawn tentacles (Abyss:3)
401 creatures vanquished.

Grand Total: 2983 creatures vanquished

Notes
Turn   | Place    | Note
-------+----------+-------------------------------------------
     0 | D:1      | iamserjio the Octopode Monk began the quest for the Orb.
     0 | D:1      | Reached XP level 1. HP: 16/16 MP: 1/1
   117 | D:1      | Reached XP level 2. HP: 20/21 MP: 2/2
   256 | D:1      | You fall through a shaft!
   274 | D:2      | Reached XP level 3. HP: 26/26 MP: 3/3
   911 | D:2      | Reached XP level 4. HP: 31/31 MP: 4/4
  1347 | D:3      | Found a radiant altar of Vehumet.
  1351 | D:3      | Reached XP level 5. HP: 35/36 MP: 5/5
  1356 | D:3      | Found a shattered altar of Ashenzari.
  1359 | D:3      | Found a bloodstained altar of Trog.
  1362 | D:3      | Found a blossoming altar of Fedhas.
  1364 | D:3      | Reached skill level 5 in Stealth
  1492 | D:3      | Noticed Sigmund
  1504 | D:3      | Killed Sigmund
  1504 | D:3      | Reached XP level 6. HP: 11/43 MP: 6/6
  1573 | D:3      | Noticed Jessica
  1964 | D:3      | Reached skill level 5 in Dodging
  2174 | D:3      | Killed Jessica
  2324 | D:4      | Noticed Robin
  2351 | D:3      | Reached XP level 7. HP: 11/49 MP: 7/7
  2648 | D:4      | Killed Robin
  2807 | D:4      | Found a glowing drain.
  2825 | Sewer    | Entered a sewer
  3039 | D:5      | Entered Level 5 of the Dungeon
  3185 | D:4      | Reached skill level 5 in Fighting
  3617 | D:6      | Reached XP level 8. HP: 55/55 MP: 8/8
  3633 | D:6      | Reached skill level 1 in Shields
  3635 | D:6      | Found Irump's General Store.
  4467 | D:5      | Found a deep blue altar of Sif Muna.
  4488 | D:5      | Identified Sif Muna's Compendium of Talismans
  5134 | D:5      | Reached XP level 9. HP: 60/62 MP: 9/9
  5141 | D:6      | Noticed Duvessa
  5284 | D:6      | Noticed Dowan
  5395 | D:5      | Killed Dowan
  5779 | D:5      | HP: 1/62 [wight/enchanted hand axe (9)]
  6611 | D:6      | Killed Duvessa
  6923 | D:6      | Found a staircase to the Ecumenical Temple.
  6946 | Temple   | Entered the Ecumenical Temple
  7024 | Temple   | Became a worshipper of Yredelemnul the Dark
  7024 | Temple   | Reached * piety under Yredelemnul
  7024 | Temple   | Reached ** piety under Yredelemnul
  7183 | D:6      | Found Vaytotreng's Food Shop.
  7386 | D:6      | Bought an uncursed ring of poison resistance for 240 gold pieces
  7386 | D:6      | Bought a scroll of identify for 24 gold pieces
  7502 | D:7      | Reached skill level 1 in Invocations
  7784 | D:7      | Found a glowing silver altar of Zin.
  7785 | D:7      | Noticed an angel
  7841 | D:7      | Reached skill level 10 in Dodging
  8343 | D:7      | Reached XP level 10. HP: 59/71 MP: 12/12
  8463 | D:7      | Reached *** piety under Yredelemnul
  8780 | D:8      | Noticed a two-headed ogre
  8845 | D:8      | Killed a two-headed ogre
  9015 | D:8      | Noticed Grum
  9021 | D:8      | Killed Grum
  9053 | D:8      | Found the cursed +13 scythe of Curses {drain, *Curse}
  9566 | D:9      | Reached skill level 5 in Invocations
  9568 | D:9      | Reached **** piety under Yredelemnul
  9621 | D:9      | Noticed Joseph
  9635 | D:9      | Killed Joseph
  9927 | D:10     | Entered Level 10 of the Dungeon
  9945 | D:9      | Noticed a two-headed ogre
  9951 | D:9      | Killed a two-headed ogre
  9951 | D:9      | Reached XP level 11. HP: 60/78 MP: 15/15
 10214 | D:9      | Received a gift from Yredelemnul (3 flying skulls)
 10312 | D:9      | Found a stormy altar of Qazlal.
 10333 | D:9      | Reached ***** piety under Yredelemnul
 10601 | D:9      | Reached skill level 5 in Long Blades
 10640 | D:9      | Received a gift from Yredelemnul (5 flying skulls)
 10824 | D:9      | Found an ornate altar of the Wu Jian Council.
 10836 | D:9      | Found a snail-covered altar of Cheibriados.
 10845 | D:9      | Found a runed door.
 10847 | D:9      | Found a hide-covered altar of Uskayaw.
 10847 | D:9      | Found a radiant altar of Vehumet.
 10868 | D:9      | Found a sacrificial altar of Ru.
 10924 | D:9      | Noticed a flayed ghost
 10934 | D:9      | Killed a flayed ghost
 10942 | D:9      | Got a crude spear
 10945 | D:9      | Got a polished scale mail
 11188 | D:9      | Identified the +2 spear of Binig {pierce, rC+ Str+2 Dex+5 Stlth+} (You found it on level 9 of the Dungeon)
 11209 | D:10     | Killed an unseen horror
 11209 | D:10     | Reached skill level 1 in Polearms
 11209 | D:10     | Received a gift from Yredelemnul (a wraith)
 11578 | D:10     | Found a portal to a secret trove of treasure.
 11878 | D:10     | Noticed a rakshasa
 11886 | D:10     | Killed a rakshasa
 11886 | D:10     | Enslaved a rakshasa
 11890 | D:10     | Found a staircase to the Lair.
 12137 | D:11     | Noticed a cyclops
 12143 | D:11     | Killed a cyclops
 12192 | D:11     | Noticed a purple ugly thing
 12196 | D:11     | Killed a purple ugly thing
 12203 | D:11     | Noticed a white ugly thing
 12207 | D:11     | Killed a white ugly thing
 12405 | D:11     | Received a gift from Yredelemnul (a mummy)
 12633 | D:11     | Noticed a two-headed ogre
 12644 | D:11     | Killed a two-headed ogre
 12644 | D:11     | Reached XP level 12. HP: 50/86 MP: 15/17
 12766 | D:11     | Found a staircase to the Orcish Mines.
 13219 | Lair:1   | Entered Level 1 of the Lair of Beasts
 13292 | Lair:1   | Received a gift from Yredelemnul (a wight)
 13483 | Lair:1   | Noticed Sonja
 13492 | Lair:1   | Killed Sonja
 13492 | Lair:1   | Reached skill level 5 in Polearms
 13560 | Lair:1   | Received a gift from Yredelemnul (a vampire)
 13777 | Lair:2   | Noticed a five-headed hydra
 13786 | Lair:2   | Noticed Fannar
 13790 | Lair:2   | Killed a five-headed hydra
 13921 | Lair:2   | Killed Fannar
 13921 | Lair:2   | Enslaved Fannar
 14357 | Lair:2   | Reached skill level 10 in Fighting
 14480 | Lair:2   | Found a hole to the Spider Nest.
 14500 | Lair:2   | Found an iron altar of Okawaru.
 14652 | Lair:2   | Identified the Reference Book on Transformation and Unholy Magic
 14733 | Lair:3   | Received a gift from Yredelemnul (3 flying skulls)
 14880 | Lair:3   | Noticed Harold
 14890 | Lair:3   | Killed Harold
 14931 | Lair:3   | Reached skill level 10 in Invocations
 14953 | Lair:3   | Noticed Rupert
 14963 | Lair:3   | Killed Rupert
 14963 | Lair:3   | Reached XP level 13. HP: 75/92 MP: 20/20
 15972 | Lair:4   | Found a staircase to the Swamp.
 15981 | Lair:4   | Received a gift from Yredelemnul (a vampire)
 16043 | Lair:4   | Noticed Snorg
 16053 | Lair:4   | Killed Snorg
 16482 | Lair:5   | Reached ****** piety under Yredelemnul
 16600 | Lair:5   | Found a viscous altar of Jiyva.
 16601 | Lair:5   | Found a staircase to the Slime Pits.
 16758 | Lair:5   | Received a gift from Yredelemnul (a phantasmal warrior)
 16962 | Lair:5   | Your ally Fannar died
 17107 | Lair:5   | Noticed Kirke
 17115 | Lair:5   | Killed Kirke
 17190 | Lair:6   | Entered Level 6 of the Lair of Beasts
 17223 | Lair:6   | Received a gift from Yredelemnul (a skeletal warrior)
 17452 | Lair:6   | Reached skill level 5 in Shields
 18037 | Lair:6   | Received a gift from Yredelemnul (a phantasmal warrior)
 18397 | Lair:6   | Reached XP level 14. HP: 84/99 MP: 23/23
 19300 | Lair:5   | Learned a level 3 spell: Mephitic Cloud
 19315 | Lair:5   | Your ally Kirke died
 19438 | Lair:5   | Reached skill level 1 in Spellcasting
 19902 | D:10     | You paid a toll of 6 potions of agility to enter a treasure trove
 19903 | Trove    | Entered a treasure trove
 19914 | Trove    | Identified the Guide on Translocation and Confrontation
 19931 | Trove    | Got a scorched hat
 19942 | Trove    | Got an ivory hand axe
 19955 | Trove    | Identified the +0 hat "Coeguypo" {+Blink rC+ rCorr} (You found it in a treasure trove)
 19956 | Trove    | Identified the +6 hand axe of Misery {venom, Int+4} (You found it in a treasure trove)
 20070 | D:10     | Learned a level 2 spell: Sticks to Snakes
 20169 | Orc:1    | Entered Level 1 of the Orcish Mines
 20473 | Orc:1    | Received a gift from Yredelemnul (4 flying skulls)
 20746 | Orc:2    | Entered Level 2 of the Orcish Mines
 20756 | Orc:2    | Found a staircase to the Elven Halls.
 21531 | Orc:1    | Received a gift from Yredelemnul (a vampire)
 22193 | Orc:1    | Reached skill level 1 in Conjurations
 22392 | Orc:2    | Received a gift from Yredelemnul (a skeletal warrior)
 23456 | Orc:2    | Found Putugg's Assorted Antiques.
 23456 | Orc:2    | Found Liptott's Food Shop.
 23456 | Orc:2    | Found Xeyloare's General Store.
 23467 | Orc:2    | Found Juynoid's Armour Emporium.
 23533 | Orc:2    | Bought a scroll of remove curse for 42 gold pieces
 23533 | Orc:2    | Bought a potion of agility for 56 gold pieces
 23533 | Orc:2    | Bought a ration for 70 gold pieces
 23533 | Orc:2    | Bought a scroll of teleportation for 42 gold pieces
 23533 | Orc:2    | Bought a potion of degeneration for 14 gold pieces
 23533 | Orc:2    | Bought a potion of lignification for 42 gold pieces
 23533 | Orc:2    | Bought an uncursed ring of protection from cold for 350 gold pieces
 23537 | Orc:2    | Bought a scroll of identify for 68 gold pieces
 23537 | Orc:2    | Bought a scroll of fear for 119 gold pieces
 23728 | Elf:1    | Entered Level 1 of the Elven Halls
 23856 | D:12     | Found a labyrinth entrance.
 23898 | Lab      | Entered a labyrinth
 24072 | Lab      | Identified the Compendium of Confrontation
 24401 | D:12     | Noticed Psyche
 24410 | D:12     | Killed Psyche
 24627 | D:12     | Noticed Urug
 24636 | D:12     | Killed Urug
 24693 | D:12     | Received a gift from Yredelemnul (a skeletal warrior)
 24757 | D:12     | Noticed Maurice
 24764 | D:12     | Killed Maurice
 24975 | D:12     | Noticed Erolcha
 24985 | D:12     | Killed Erolcha
 25542 | D:13     | Found Caocytog's Antique Armour Shop.
 25557 | D:13     | Reached XP level 15. HP: 97/107 MP: 25/25
 25561 | D:13     | Received a gift from Yredelemnul (a wraith)
 25952 | D:13     | Found a gate to the Vaults.
 25995 | D:13     | Received a gift from Yredelemnul (a bone dragon)
 27252 | Spider:1 | Entered Level 1 of the Spider Nest
 27267 | Spider:1 | Noticed Aizul
 27291 | Spider:1 | Killed Aizul
 27295 | Spider:1 | Received a gift from Yredelemnul (a skeletal warrior)
 27569 | Spider:1 | Reached skill level 15 in Dodging
 27692 | Spider:1 | Noticed Agnes
 27698 | Spider:1 | Killed Agnes
 27698 | Spider:1 | Enslaved Agnes
 27719 | Spider:1 | Reached skill level 10 in Polearms
 28034 | Spider:1 | Noticed Roxanne
 28044 | Spider:1 | Killed Roxanne
 28046 | Spider:1 | Identified Roxanne's Papyrus of the Rocks (You took it off Roxanne on level 1 of the Spider Nest)
 28093 | Spider:1 | Received a gift from Yredelemnul (a vampire)
 29064 | Spider:2 | Received a gift from Yredelemnul (a vampire)
 29676 | Spider:3 | Received a gift from Yredelemnul (a bone dragon)
 29836 | Spider:3 | Reached skill level 1 in Air Magic
 29845 | Spider:3 | Reached XP level 16. HP: 20/114 MP: 26/26
 30700 | Spider:4 | Entered Level 4 of the Spider Nest
 30702 | Spider:4 | Received a gift from Yredelemnul (a skeletal warrior)
 30743 | Spider:4 | Received a gift from Yredelemnul (a flayed ghost)
 30852 | Spider:4 | Received a gift from Yredelemnul (a vampire)
 30859 | Spider:4 | Your ally Agnes died
 30873 | Spider:4 | Received a gift from Yredelemnul (a flayed ghost)
 30890 | Spider:4 | Noticed Arachne
 30896 | Spider:4 | Received a gift from Yredelemnul (a skeletal warrior)
 30902 | Spider:4 | Killed Arachne
 30916 | Spider:4 | Noticed Jorgrun
 30919 | Spider:4 | Killed Jorgrun
 31171 | Spider:4 | Got a gossamer rune of Zot
 31348 | Spider:4 | Received a gift from Yredelemnul (a vampire)
 31909 | Swamp:1  | Entered Level 1 of the Swamp
 32374 | Swamp:1  | Received a gift from Yredelemnul (a vampire knight)
 32746 | Swamp:1  | Received a gift from Yredelemnul (a ghoul)
 33083 | Swamp:2  | Received a gift from Yredelemnul (a skeletal warrior)
 33276 | Swamp:2  | Received a gift from Yredelemnul (a phantasmal warrior)
 33299 | Swamp:2  | Learned a level 1 spell: Summon Butterflies
 33802 | Swamp:3  | Noticed Nikola
 33808 | Swamp:3  | Killed Nikola
 33808 | Swamp:3  | Enslaved Nikola
 33938 | Swamp:3  | Received a gift from Yredelemnul (a ghoul)
 34168 | Swamp:3  | Reached skill level 1 in Summonings
 34409 | Swamp:4  | Entered Level 4 of the Swamp
 34435 | Swamp:4  | Reached XP level 17. HP: 100/120 MP: 23/28
 34441 | Swamp:4  | Received a gift from Yredelemnul (a vampire knight)
 34522 | Swamp:4  | Reached skill level 10 in Shields
 34530 | Swamp:4  | Reached skill level 15 in Invocations
 34728 | Swamp:4  | Received a gift from Yredelemnul (a profane servitor)
 34984 | Swamp:4  | Received a gift from Yredelemnul (a vampire)
 34988 | Swamp:4  | Noticed the 27-headed Lernaean hydra
 34997 | Swamp:4  | Killed the 27-headed Lernaean hydra
 35103 | Swamp:4  | Got a decaying rune of Zot
 35601 | Orc:2    | Bought the +3 large shield of Untruth {rElec} for 368 gold pieces
 36115 | Elf:1    | Received a gift from Yredelemnul (a profane servitor)
 36475 | Elf:1    | Received a gift from Yredelemnul (a phantasmal warrior)
 36752 | Elf:2    | Received a gift from Yredelemnul (a ghoul)
 37264 | Elf:2    | Found a runed gate.
 37264 | Elf:2    | Found a runed gate.
 37266 | Elf:2    | Found a runed gate.
 37287 | Elf:2    | Received a gift from Yredelemnul (a skeletal warrior)
 37306 | Elf:2    | Your ally Nikola died
 37307 | Elf:2    | Noticed torrenera's ghost (adept OgFi)
 37317 | Elf:2    | Killed torrenera's ghost
 37333 | Elf:2    | Reached skill level 5 in Summonings
 37999 | Elf:3    | Entered Level 3 of the Elven Halls
 38010 | Elf:3    | Reached XP level 18. HP: 132/132 MP: 29/29
 38538 | Elf:3    | Noticed a deep elf blademaster
 38548 | Elf:3    | Killed a deep elf blademaster
 38755 | Elf:3    | Noticed a deep elf blademaster
 38760 | Elf:3    | Killed a deep elf blademaster
 38877 | Elf:3    | Received a gift from Yredelemnul (a phantasmal warrior)
 39327 | Elf:3    | Got a bound pewter ring
 39328 | Elf:3    | Identified the ring of Ovyttid {Ice rN+ MR+ Str-4 Int+2} (You took it off a deep elf mage on level 3 of the Elven Halls)
 39482 | Elf:3    | Noticed a deep elf master archer
 39488 | Elf:3    | Killed a deep elf master archer
 39556 | Elf:3    | Noticed a deep elf master archer
 39562 | Elf:3    | Killed a deep elf master archer
 39763 | Elf:3    | Noticed a Hell Sentinel
 40818 | Orc:2    | Bought a ration for 50 gold pieces
 40818 | Orc:2    | Bought a ration for 50 gold pieces
 40818 | Orc:2    | Bought a ration for 50 gold pieces
 40818 | Orc:2    | Bought a ration for 50 gold pieces
 40818 | Orc:2    | Bought a ration for 50 gold pieces
 40818 | Orc:2    | Bought a ration for 50 gold pieces
 40818 | Orc:2    | Bought a ration for 50 gold pieces
 40818 | Orc:2    | Bought a ration for 50 gold pieces
 40818 | Orc:2    | Bought a ration for 50 gold pieces
 40818 | Orc:2    | Bought a ration for 50 gold pieces
 40999 | D:15     | Entered Level 15 of the Dungeon
 41001 | D:15     | Reached skill level 15 in Fighting
 41006 | D:15     | Found Kaduuguf's Jewellery Shoppe.
 41188 | D:15     | Bought an uncursed ring of protection from magic for 450 gold pieces
 41188 | D:15     | Bought a +6 ring of protection for 1404 gold pieces
 41192 | D:15     | Bought a +4 ring of dexterity for 486 gold pieces
 41249 | D:15     | Received a gift from Yredelemnul (a vampire knight)
 41277 | D:15     | Received a gift from Yredelemnul (a skeletal warrior)
 41409 | D:15     | Found a staircase to the Depths.
 42003 | Vaults:1 | Entered Level 1 of the Vaults
 42364 | Vaults:1 | Received a gift from Yredelemnul (a vampire knight)
 43050 | Vaults:1 | Got a shimmering arbalest
 43054 | Vaults:1 | Identified the +5 arbalest of Misery {velocity, rPois} (You found it on level 1 of the Vaults)
 43235 | Vaults:1 | Found Lyakiq's Jewellery Shop.
 43343 | Vaults:1 | Reached XP level 19. HP: 139/139 MP: 30/30
 43957 | Vaults:2 | Received a gift from Yredelemnul (a flayed ghost)
 44144 | Vaults:2 | Received a gift from Yredelemnul (a flayed ghost)
 44507 | Vaults:2 | Received a gift from Yredelemnul (a vampire knight)
 44512 | Vaults:2 | Found a staircase to the Crypt.
 45001 | Vaults:2 | Received a gift from Yredelemnul (a skeletal warrior)
 45633 | Vaults:3 | Received a gift from Yredelemnul (a vampire)
 46128 | Vaults:3 | Noticed Asterion
 46136 | Vaults:3 | Killed Asterion
 46136 | Vaults:3 | Enslaved Asterion
 46213 | Vaults:3 | Found Egoiso Vota's Armour Boutique.
 46222 | Vaults:3 | Received a gift from Yredelemnul (a skeletal warrior)
 46904 | Vaults:3 | Received a gift from Yredelemnul (a vampire knight)
 47134 | Vaults:3 | Reached XP level 20. HP: 145/145 MP: 31/31
 47732 | Vaults:4 | Found Cyazomo's Antique Armour Shoppe.
 48437 | Vaults:4 | Reached skill level 1 in Transmutations
 48801 | Depths:1 | Entered Level 1 of the Depths
 48801 | Depths:1 | Found Heamam's Jewellery Emporium.
 48820 | Depths:1 | Bought the ring "Zuschun" {rPois rN+ MR+ Str-4 Dex+4} for 525 gold pieces
 48820 | Depths:1 | Bought the ring "Ixolasaig" {rF- rC+ Str+4 Dex+7 Stlth+} for 618 gold pieces
 48878 | Depths:1 | Found Sihum's Assorted Antiques.
 48916 | Depths:1 | Received a gift from Yredelemnul (a ghoul)
 48964 | Depths:1 | Found a gateway to Hell.
 48964 | Depths:1 | Noticed Margery
 48984 | Depths:1 | Killed Margery
 49148 | Depths:1 | Received a gift from Yredelemnul (a skeletal warrior)
 49264 | Depths:1 | Found Ivvul's Assorted Antiques.
 49271 | Depths:1 | Found a gateway to a ziggurat.
 49555 | Depths:1 | Found Quseqadi's Antique Armour Shoppe.
 49638 | Depths:2 | Reached skill level 5 in Transmutations
 49662 | Depths:2 | Found Eliyxt's General Store.
 49679 | Depths:2 | Bought a potion of berserk rage for 70 gold pieces
 49679 | Depths:2 | Bought a potion of agility for 56 gold pieces
 49679 | Depths:2 | Bought a scroll of enchant weapon for 105 gold pieces
 49703 | Depths:2 | Received a gift from Yredelemnul (a phantasmal warrior)
 49704 | Depths:2 | Noticed the Enchantress
 49731 | Depths:2 | Killed the Enchantress
 49903 | Depths:2 | Received a gift from Yredelemnul (a ghoul)
 50088 | Depths:2 | Found a one-way gate leading to the halls of Pandemonium.
 50093 | Depths:2 | Received a gift from Yredelemnul (a vampire knight)
 50224 | Depths:2 | Received a gift from Yredelemnul (a bone dragon)
 50351 | Depths:2 | Received a gift from Yredelemnul (a flayed ghost)
 50351 | Depths:2 | Reached XP level 21. HP: 138/153 MP: 32/32
 50469 | Depths:2 | Received a gift from Yredelemnul (a skeletal warrior)
 50512 | Depths:2 | Noticed a golden dragon
 50519 | Depths:2 | Killed a golden dragon
 50730 | Depths:2 | Received a gift from Yredelemnul (a skeletal warrior)
 51034 | Depths:2 | Noticed a golden dragon
 51054 | Depths:2 | Killed a golden dragon
 51055 | Depths:2 | Received a gift from Yredelemnul (a phantasmal warrior)
 51233 | Depths:2 | Your ally Asterion died
 51251 | Depths:2 | Noticed a caustic shrike
 51253 | Depths:2 | Killed a caustic shrike
 51253 | Depths:2 | Reached skill level 15 in Shields
 52165 | Depths:3 | Found an iron altar of Okawaru.
 52214 | Depths:3 | Received a gift from Yredelemnul (a phantasmal warrior)
 52462 | Depths:3 | Got a faintly glowing morningstar
 52463 | Depths:3 | Identified the +3 morningstar of Tenacity {drain, rC+ rN+ Str+3} (You found it on level 3 of the Depths)
 53855 | Depths:3 | Received a gift from Yredelemnul (a skeletal warrior)
 54475 | Depths:4 | Gained mutation: You are dopey. (Int -2) [a shining eye]
 54476 | Depths:4 | Gained mutation: Your body sometimes deteriorates upon taking damage. [a shining eye]
 54497 | Depths:4 | You fall through a shaft!
 54497 | Depths:5 | Entered Level 5 of the Depths
 54567 | Depths:5 | Learned a level 5 spell: Summon Demon
 54856 | Depths:5 | Reached XP level 22. HP: 161/161 MP: 33/33
 55396 | Depths:4 | Reached skill level 10 in Summonings
 55449 | Depths:4 | Found a one-way gate to the infinite horrors of the Abyss.
 55463 | Depths:4 | Received a gift from Yredelemnul (a ghoul)
 55917 | Depths:5 | Noticed Sojobo
 56189 | Depths:5 | Reached skill level 10 in Transmutations
 56200 | Depths:5 | Learned a level 2 spell: Passwall
 56202 | Depths:5 | Learned a level 1 spell: Apportation
 56666 | Depths:5 | Received a gift from Yredelemnul (a bone dragon)
 56781 | Depths:5 | Noticed Boris
 56871 | Depths:5 | Killed Boris
 57488 | Depths:5 | Killed Sojobo
 57488 | Depths:5 | Enslaved Sojobo
 58434 | Depths:5 | Found a gate to the Realm of Zot.
 58891 | Depths:1 | Bought a +4 amulet of reflection for 351 gold pieces
 59041 | Depths:1 | Bought a scroll of enchant armour for 225 gold pieces
 59297 | Vaults:5 | Entered Level 5 of the Vaults
 59327 | Vaults:4 | Received a gift from Yredelemnul (a bone dragon)
 59383 | Vaults:5 | Received a gift from Yredelemnul (a skeletal warrior)
 59388 | Vaults:5 | Your ally Sojobo died
 59442 | Vaults:5 | Reached XP level 23. HP: 129/169 MP: 28/35
 59939 | Vaults:5 | Noticed a golden dragon
 60612 | Vaults:5 | Noticed a golden dragon
 60624 | Vaults:4 | Killed a golden dragon
 60769 | Vaults:4 | Received a gift from Yredelemnul (a flayed ghost)
 61259 | Vaults:4 | Killed a golden dragon
 61793 | Vaults:4 | Received a gift from Yredelemnul (a bone dragon)
 62635 | Vaults:5 | Reached skill level 5 in Spellcasting
 64105 | Vaults:5 | Got an ivory hand crossbow
 64106 | Vaults:5 | Identified the +6 hand crossbow "Hixzaasae" {penet, rPois rF+} (You took it off a vault warden on level 5 of the Vaults)
 64654 | Vaults:5 | Noticed a golden dragon
 64661 | Vaults:5 | Killed a golden dragon
 64807 | Vaults:5 | Noticed an ancient lich
 64824 | Vaults:5 | Killed an ancient lich
 65901 | Vaults:5 | Received a gift from Yredelemnul (a phantasmal warrior)
 66278 | Vaults:5 | Received a gift from Yredelemnul (a profane servitor)
 66913 | Vaults:5 | Got a silver rune of Zot
 67176 | Vaults:5 | Killed a golden dragon
 67250 | Vaults:5 | Reached XP level 24. HP: 180/180 MP: 35/35
 67788 | Crypt:1  | Entered Level 1 of the Crypt
 67975 | Crypt:1  | Received a gift from Yredelemnul (a flayed ghost)
 68384 | Crypt:1  | You fall through a shaft!
 68404 | Crypt:2  | Received a gift from Yredelemnul (a skeletal warrior)
 68687 | Crypt:2  | Received a gift from Yredelemnul (a profane servitor)
 68947 | Crypt:2  | Received a gift from Yredelemnul (a flayed ghost)
 69302 | Crypt:3  | Entered Level 3 of the Crypt
 69480 | Crypt:3  | Received a gift from Yredelemnul (a phantasmal warrior)
 69507 | Crypt:3  | Found a staircase to the Tomb.
 69535 | Tomb:1   | Entered Level 1 of the Tomb of the Ancients
 69646 | Tomb:1   | Received a gift from Yredelemnul (a bone dragon)
 69827 | Tomb:1   | Noticed an ancient lich
 69838 | Tomb:1   | Killed an ancient lich
 69937 | Tomb:1   | Noticed a greater mummy
 69944 | Tomb:1   | Killed a greater mummy
 69972 | Tomb:1   | Noticed a greater mummy
 69978 | Tomb:1   | Noticed a greater mummy
 69979 | Tomb:1   | Killed a greater mummy
 69981 | Tomb:1   | Killed a greater mummy
 70422 | Tomb:1   | Received a gift from Yredelemnul (a profane servitor)
 70525 | Tomb:2   | Noticed Boris
 70528 | Tomb:2   | Noticed a greater mummy
 70529 | Tomb:2   | Noticed a greater mummy
 70530 | Tomb:2   | Noticed a greater mummy
 70532 | Tomb:2   | Noticed a greater mummy
 70533 | Tomb:2   | Noticed a greater mummy
 70536 | Tomb:2   | Killed Boris
 71501 | Crypt:3  | Received a gift from Yredelemnul (a bone dragon)
 71589 | Crypt:3  | Received a gift from Yredelemnul (a phantasmal warrior)
 71937 | Crypt:3  | Received a gift from Yredelemnul (a phantasmal warrior)
 71937 | Crypt:3  | Reached XP level 25. HP: 151/179 MP: 35/35
 72112 | Crypt:3  | Found an ancient bone altar of Kikubaaqudgha.
 72113 | Crypt:3  | Noticed an ancient lich
 72124 | Crypt:3  | Killed an ancient lich
 72147 | Crypt:3  | Got a crude silver ring
 72358 | Crypt:3  | Identified the ring of Giuzuupp {+Fly rN+ Int+2 Dex-2 Stlth+} (You found it on level 3 of the Crypt)
 72616 | Slime:1  | Entered Level 1 of the Pits of Slime
 72639 | Slime:1  | Reached skill level 1 in Axes
 73012 | Lair:5   | Learned a level 3 spell: Summon Guardian Golem
 73017 | Lair:5   | Learned a level 4 spell: Summon Lightning Spire
 73074 | Slime:1  | Found a viscous altar of Jiyva.
 73363 | Slime:2  | Received a gift from Yredelemnul (a vampire knight)
 73369 | Slime:2  | Gained mutation: You occasionally shout uncontrollably at your foes. [a shining eye]
 73829 | Slime:1  | Gained mutation: [You tend to lose your temper in combat.] [a shining eye]
 74347 | Slime:2  | Received a gift from Yredelemnul (a vampire)
 74626 | Slime:3  | Gained mutation: Your body often deteriorates upon taking damage. [a shining eye]
 74628 | Slime:3  | Gained mutation: You are very dopey. (Int -4) [a shining eye]
 74705 | Slime:3  | Received a gift from Yredelemnul (a flayed ghost)
 74845 | Slime:3  | Reached skill level 5 in Axes
 75130 | Slime:3  | Received a gift from Yredelemnul (a flayed ghost)
 75130 | Slime:3  | Gained mutation: [Scrolls take you a little longer to read.] [a shining eye]
 75539 | Slime:5  | Entered Level 5 of the Pits of Slime
 75648 | Slime:4  | Gained mutation: Your magical capacity is low. (-10% MP) [a shining eye]
 75765 | Slime:5  | Received a gift from Yredelemnul (a skeletal warrior)
 75956 | Slime:5  | Noticed the Royal Jelly
 75962 | Slime:5  | Killed the Royal Jelly
 76516 | Slime:5  | Lost mutation: Your magical capacity is low. (-10% MP) [potion of mutation]
 76516 | Slime:5  | Lost mutation: You are very dopey. (Int -4) [potion of mutation]
 76516 | Slime:5  | Lost mutation: You are dopey. (Int -2) [potion of mutation]
 76516 | Slime:5  | Gained mutation: Your flesh is heat resistant. (rF+) [potion of mutation]
 76516 | Slime:5  | Lost mutation: You occasionally shout uncontrollably at your foes. [potion of mutation]
 76516 | Slime:5  | Gained mutation: One of your tentacles bears a spike. [potion of mutation]
 76527 | Slime:5  | Got a slimy rune of Zot
 76537 | Slime:5  | Got a slimy emerald amulet
 76539 | Slime:5  | Identified the amulet "Cusylor" {Spirit rElec rF- Int+3} (You found it on level 5 of the Pits of Slime)
 76545 | Slime:5  | Got a serpentine tin ring
 76571 | Slime:5  | Identified the ring of Wuemagogg {rF+ Str+4 Int+2 Dex-2} (You found it on level 5 of the Pits of Slime)
 76607 | Slime:5  | Identified the Collected Works on Excruciating Execration
 76619 | Slime:5  | Lost mutation: [Scrolls take you a little longer to read.] [potion of mutation]
 76619 | Slime:5  | Lost mutation: [You tend to lose your temper in combat.] [potion of mutation]
 76619 | Slime:5  | Lost mutation: Your body often deteriorates upon taking damage. [potion of mutation]
 76619 | Slime:5  | Lost mutation: Your flesh is heat resistant. (rF+) [potion of mutation]
 76619 | Slime:5  | Lost mutation: Your body sometimes deteriorates upon taking damage. [potion of mutation]
 76619 | Slime:5  | Gained mutation: You expend magic power (3 MP) to strengthen your wands. [potion of mutation]
 76815 | Slime:4  | Learned a level 2 spell: Sticks to Snakes
 77520 | Depths:4 | Voluntarily entered the Abyss.
 77550 | Abyss:1  | Learned a level 3 spell: Summon Guardian Golem
 77554 | Abyss:1  | Noticed an ancient lich
 77616 | Abyss:3  | Found a corrupted altar of Lugonu.
 77692 | Abyss:3  | Received a gift from Yredelemnul (a skeletal warrior)
 77936 | Abyss:3  | Lost mutation: One of your tentacles bears a spike. [potion of mutation]
 77936 | Abyss:3  | Lost mutation: You expend magic power (3 MP) to strengthen your wands. [potion of mutation]
 77936 | Abyss:3  | Gained mutation: You have a pair of small antennae on your head. [potion of mutation]
 78053 | Depths:4 | Escaped the Abyss
 78284 | Zot:1    | Entered Level 1 of the Realm of Zot
 78296 | Zot:1    | HP: 1/132 [tentacled monstrosity (8)]
 78297 | Zot:1    | Mangled by a tentacled monstrosity

Vault maps used:
D:1:      dpeg_arrival_rooms_b
D:2:      kennysheep_generic_room_3
D:3:      grunt_temple_overflow_cloverleaf, serial_bayou_pond_d,
          minmay_snake_closets, uniq_sigmund, uniq_jessica
D:4:      portal_sewer_entry_f, first_ration, uniq_robin
D:5:      black_bear_nest_1, led_sif_book
D:6:      minmay_temple_entry_butterflies, serial_shops, kennysheep_mini_moat,
          shop_coins, uniq_duvessa
D:7:      zin_angel, serial_curves, eino_curves_04, eino_curves_03
D:8:      uniq_grum
D:9:      due_megacathedral, uniq_joseph
D:10:     lair_entry_dummy, enter_trove_2, blue_anna_alchemist
D:11:     david_orc_1_choice
D:12:     lab_entry_generic, serial_co_window_serial, co_window_paths_a,
          co_window_paths_a, co_window_of_opportunity_a, co_window_cross_1,
          co_window_cross_1, co_window_corner_a, co_window_corner_a,
          co_window_corner_cb, co_window_cross_2, co_window_unsneaky_path_e,
          glass_columns_a, glass_columns_b, uniq_urug, uniq_maurice,
          uniq_erolcha, uniq_psyche
D:13:     kennysheep_scales, david_vaults_1, serial_shops, shop
D:14:     serial_park_square2
D:15:     hangedman_depths_entry_try_elsewhere_first, serial_shops, shop,
          serial_glass, glass_columns_a, glass_columns_a, st_stairs_6,
          spider_trap, minmay_the_grid_square_5x5_3x3_mashed
Temple:   eino_temple_scatter_basement
Lair:1:   beast_lair_carwin_8, grunt_megastairs_4, uniq_sonja
Lair:2:   spider_nest_entry_webs, basic_altar, serial_bayou_pond_e, uniq_fannar
Lair:3:   uniq_rupert, uniq_harold
Lair:4:   swamp_mist, uniq_snorg
Lair:5:   slime_altar_1, uniq_kirke
Lair:6:   grunt_lair_end_beastmaster, lightli_volcano_entry_magma_tube
Swamp:1:  evilmike_swamp_ruin_house_1
Swamp:2:  infiniplex_staircase_pool, swamp_pool1, roderic_carrion_pond
Swamp:3:  hangedman_swamp_ruin_wall, uniq_nikola
Swamp:4:  swamp_old_school, swamp_pool3
Spider:1: cheibrodos_spider_silkery, uniq_aizul, uniq_roxanne, uniq_agnes
Spider:3: hangedman_spider_mandibles
Spider:4: johnstein_spider_rune_arachne_lair, uniq_jorgrun
Slime:1:  basic_altar
Slime:3:  cheibrodos_slime_lost_civilization_7
Orc:1:    serial_shops
Orc:2:    st_orc_rangers, elves_outpost_lemuel
Elf:1:    portal_desolation_entry_nicolae_nacl
Elf:3:    grunt_elf_hall_diamonds, st_stairs_11
Vaults:1: nicolae_vaults_circle_grid_a, v_misc_14, v_rooms_4,
          vaults_room_fancy_cross, nicolae_vaults_yaktaur_gun_rack,
          nicolae_vaults_sealed_display, ontoclasm_vaults_twist,
          hangedman_vaults_restitches, vaults_dpeg_ring, ontoclasm_vaults_fault,
          v_misc_2, vaults_dpeg_diagonal, nicolae_vaults_asterisk, serial_shops,
          shop
Vaults:2: vaults_room_fours, hangedman_vaults_restitches, v_alt_pattern_1,
          nicolae_vaults_windows_and_doors_thing, ontoclasm_vaults_spin,
          minmay_crypt_entry_simple_walls, hangedman_vaults_maws,
          grunt_vaults_hallway_short, vaults_mumra_hex
Vaults:3: nicolae_vaults_network_barrier, nicolae_vaults_puzzle_piece,
          hangedman_vaults_capsules, vaults_room_boxed,
          nicolae_vaults_little_squares_2, hangedman_vaults_pinch, serial_shops,
          shop, uniq_asterion
Vaults:4: hangedman_vaults_stream, ontoclasm_vaults_gateway,
          hangedman_vaults_restitches, nicolae_vaults_disjoint_gnomons,
          vaults_dpeg_doors, ontoclasm_vaults_idyll,
          nicolae_vaults_mini_display_case, vaults_room_corners,
          vaults_dpeg_encased_lava, v_misc_17,
          nicolae_vaults_diagonal_hallway_7, hangedman_vaults_restitches,
          vaults_mumra_chevron_long, grunt_vaults_diagonal, serial_shops,
          nicolae_shop_stone
Crypt:1:  minmay_misc_feat_cross, fountainhead
Crypt:3:  cryptofortress_bobbens
Tomb:2:   uniq_khufu, uniq_boris
Depths:1: enter_ziggurat_a, grunt_metal_band, serial_sigils_hangedman_scar,
          serial_shops, nicolae_shop_competitors_out_of_business, shop, shop,
          nicolae_shop_trees, shop, lightli_fourway_metalbox
Depths:2: hangedman_box_tower, hell_entry, serial_shops, shop,
          grunt_pan_entry_zigzag, minmay_fountain_box, minmay_statues_item,
          uniq_enchantress
Depths:3: kennysheep_ambush_hall, rand_demon_pan_entry_4,
          okawaru_ov_weapons_minmay, grunt_hell_entry_dis_grunt,
          basic_stair_grate_trap
Depths:4: kennysheep_blocky_room, abyss_entry, hell_entry,
          kennysheep_generic_room_13, infiniplex_staircase_pillars_2
Depths:5: grunt_zot_entry_hairpin, abyss_entry, serial_co_window_serial,
          co_window_paths_b, co_window_paths_b, co_window_corner_a,
          co_window_of_opportunity_a, co_window_of_opportunity_a,
          co_window_of_opportunity_b, co_window_of_opportunity_b,
          co_window_paths_c, co_window_corner_ca, co_window_corner_ca,
          co_window_sun, co_window_4corner_a, glass_columns_b,
          hangedman_geh_valley, minivault_16, uniq_sojobo, uniq_boris
Abyss:2:  evilmike_abyss_exit_chaos
Abyss:3:  hangedman_abyss_rune_flesh_and_stone
Lab:      labyrinth_watery, nicolae_lab_x, nicolae_lab_blocks,
          labyrinth_skeletal_remains, nicolae_lab_very_dead_end
Trove:    trove_simple
Sewer:    sewer_the_crocodile

Skill      XL: |  1  2  3  4  5  6  7  8  9 10 11 12 13 14 15 16 17 18 19 20 21 22 23 24 25 |
---------------+----------------------------------------------------------------------------+-----
Stealth        | 3 4 6 7 |  7.0
Dodging        | 4 5 7 8 10 11 12 13 14 15 17 18 19 20 | 20.0
Fighting       | 4 5 6 7 8 9 10 11 12 14 15 16 17 18 19 20 | 20.0
Shields        | 3 4 5 6 8 9 11 12 14 15 16 | 16.0
Invocations    | 3 5 7 10 12 13 14 15 16 | 16.0
Long Blades    | 5 |  5.3
Polearms       | 3 7 8 9 10 11 14 | 14.0
Spellcasting   | 3 5 8 9 |  9.0
Conjurations   | 1 |  1.0
Air Magic      | 1 |  1.0
Summonings     | 1 6 7 8 9 10 11 13 | 13.0
Transmutations | 6 9 11 12 14 | 14.9
Axes           | 7 |  7.4
Short Blades   | |  0.5

Action                   |  1- 3 |  4- 6 |  7- 9 | 10-12 | 13-15 | 16-18 | 19-21 | 22-24 | 25-27 || total
-------------------------+-------+-------+-------+-------+-------+-------+-------+-------+-------++-------
Melee: Dagger            |    45 |   157 |    28 |    43 |       |       |       |       |       ||   273
       Falchion          |     5 |       |       |       |       |       |       |       |       ||     5
       Constrict         |    15 |    45 |    85 |   121 |   137 |   112 |   137 |   164 |    34 ||   850
       Tentacles         |    10 |    33 |   112 |   144 |   212 |   157 |   392 |   529 |   216 ||  1805
       Rapier            |       |       |   343 |   173 |       |       |       |       |       ||   516
       Spear             |       |       |       |   282 |   251 |       |       |       |       ||   533
       Demon trident     |       |       |       |       |   524 |   667 |  1033 |   808 |   429 ||  3461
       Scythe            |       |       |       |       |    33 |       |       |    22 |       ||    55
       War axe           |       |       |       |       |       |       |       |   474 |    95 ||   569
       Kick              |       |       |       |       |       |       |       |       |    37 ||    37
       Broad axe         |       |       |       |       |       |       |       |       |    21 ||    21
 Fire: Blowgun           |       |       |     2 |       |       |       |       |       |       ||     2
Throw: Stone             |       |       |     3 |     2 |     1 |     1 |     1 |     2 |       ||    10
 Cast: Sticks to Snakes  |       |       |       |       |     1 |       |       |       |       ||     1
       Summon Demon      |       |       |       |       |       |       |       |     2 |    28 ||    30
       Summon Lightning  |       |       |       |       |       |       |       |       |     1 ||     1
       Summon Guardian G |       |       |       |       |       |       |       |       |     1 ||     1
Invok: Animate Remains   |       |       |    14 |     1 |       |       |       |       |       ||    15
       Animate Dead      |       |       |       |    49 |    98 |    78 |    60 |    51 |     1 ||   337
       Recall Undead Sla |       |       |       |    24 |    57 |    65 |    22 |    33 |     2 ||   203
       Enslave Soul      |       |       |       |     2 |     3 |     9 |     8 |     9 |     1 ||    32
       Stop Recall       |       |       |       |       |     2 |       |     1 |       |       ||     3
       Drain Life        |       |       |       |       |       |     1 |       |    12 |    25 ||    38
 Abil: Evoke Blink       |       |       |       |       |       |       |       |       |     1 ||     1
Evoke: Wand              |       |     2 |       |    12 |    12 |     4 |     4 |    18 |     1 ||    53
       Phantom mirror    |       |       |       |       |       |       |       |       |     1 ||     1
  Use: Potion            |       |     1 |     6 |     1 |    10 |     3 |    12 |    16 |    13 ||    62
       Scroll            |       |       |    13 |     4 |    25 |    20 |    15 |    19 |     8 ||   104
 Stab: Sleeping          |     9 |    19 |    10 |    27 |    29 |    47 |    27 |    48 |     6 ||   222
       Distracted        |     1 |       |     2 |     7 |    17 |    21 |    45 |    64 |    12 ||   169
       Confused          |       |       |       |       |     2 |     1 |       |       |       ||     3
       Paralysed         |       |       |       |       |       |       |     1 |       |       ||     1
       Fleeing           |       |       |       |       |       |       |       |     1 |       ||     1
  Eat: Chunk             |       |     4 |    14 |    26 |    43 |    23 |    25 |    15 |       ||   150
       Ration            |       |       |     3 |     3 |    10 |    15 |    11 |    19 |    11 ||    72
Armor: Skin              |       |     8 |    16 |     9 |    10 |    11 |    17 |    26 |    10 ||   107
Dodge: Dodged            |    16 |    77 |   309 |   365 |   614 |   319 |   457 |   789 |   310 ||  3256
Block: Buckler           |       |       |    88 |   198 |   379 |   143 |       |       |       ||   808
       Reflection        |       |       |       |       |    44 |    28 |    51 |    70 |    22 ||   215
       Other             |       |       |       |       |     8 |       |       |    15 |       ||    23
       Large shield      |       |       |       |       |       |   247 |   761 |  1260 |   706 ||  2974
       Shield            |       |       |       |       |       |       |    13 |    75 |       ||    88

Table legend:
 A = Spawn XP
 B = Non-spawn XP
 C = Spawn XP percentage of total XP
 D = Spawn monster count
 E = Non-spawn monster count
 F = Spawn count percentage of total count
 G = Total turns spent on level
                    A         B        C        D         E        F      G
               +---------+---------+-------+---------+---------+-------+---------
         Total |    2323 | 1070772 |   0.2 |       9 |    2518 |   0.4 | 78297
               +---------+---------+-------+---------+---------+-------+---------
           D:1 |       0 |      33 |   0.0 |       0 |      13 |   0.0 |   628
           D:2 |       0 |     100 |   0.0 |       0 |      30 |   0.0 |   649
           D:3 |       0 |     479 |   0.0 |       0 |      55 |   0.0 |  1220
           D:4 |       0 |     267 |   0.0 |       0 |      26 |   0.0 |   548
           D:5 |       0 |    1698 |   0.0 |       0 |      51 |   0.0 |  3563
           D:6 |       0 |     632 |   0.0 |       0 |      12 |   0.0 |   574
           D:7 |       0 |    1564 |   0.0 |       0 |      41 |   0.0 |  1165
           D:8 |       0 |    2495 |   0.0 |       0 |      26 |   0.0 |   987
           D:9 |       0 |    6024 |   0.0 |       0 |     117 |   0.0 |  1722
          D:10 |       0 |    1857 |   0.0 |       0 |      32 |   0.0 |  1267
          D:11 |       0 |    4026 |   0.0 |       0 |      42 |   0.0 |  1595
          D:12 |       0 |   10709 |   0.0 |       0 |      40 |   0.0 |  1510
          D:13 |       0 |    9003 |   0.0 |       0 |      38 |   0.0 |  1140
          D:14 |       0 |    1154 |   0.0 |       0 |       4 |   0.0 |   688
          D:15 |       0 |   15784 |   0.0 |       0 |      65 |   0.0 |  1184
        Lair:1 |       0 |    4407 |   0.0 |       0 |      28 |   0.0 |   956
        Lair:2 |       0 |    3856 |   0.0 |       0 |      23 |   0.0 |   957
        Lair:3 |       0 |    5611 |   0.0 |       0 |      20 |   0.0 |   930
        Lair:4 |       0 |    5432 |   0.0 |       0 |      25 |   0.0 |  1291
        Lair:5 |       0 |   12809 |   0.0 |       0 |      35 |   0.0 |  1834
        Lair:6 |       0 |   16351 |   0.0 |       0 |      56 |   0.0 |  1915
       Swamp:1 |       0 |    6769 |   0.0 |       0 |      27 |   0.0 |   754
       Swamp:2 |       0 |    5725 |   0.0 |       0 |      27 |   0.0 |   846
       Swamp:3 |       0 |    6289 |   0.0 |       0 |      25 |   0.0 |   637
       Swamp:4 |       0 |   21251 |   0.0 |       0 |      54 |   0.0 |   895
      Spider:1 |       0 |   18889 |   0.0 |       0 |      65 |   0.0 |  1147
      Spider:2 |       0 |    8699 |   0.0 |       0 |      35 |   0.0 |  1193
      Spider:3 |       0 |   10331 |   0.0 |       0 |      42 |   0.0 |  1174
      Spider:4 |       0 |   26395 |   0.0 |       0 |      77 |   0.0 |   973
       Slime:1 |       0 |   20768 |   0.0 |       0 |      37 |   0.0 |   879
       Slime:2 |       0 |   16472 |   0.0 |       0 |      31 |   0.0 |   830
       Slime:3 |       0 |   17868 |   0.0 |       0 |      41 |   0.0 |   814
       Slime:4 |       0 |   12060 |   0.0 |       0 |      12 |   0.0 |   729
       Slime:5 |       0 |   22381 |   0.0 |       0 |      33 |   0.0 |   748
         Orc:1 |       0 |    3019 |   0.0 |       0 |      25 |   0.0 |  1802
         Orc:2 |       0 |    7195 |   0.0 |       0 |      50 |   0.0 |  1881
         Elf:1 |       0 |   13991 |   0.0 |       0 |      33 |   0.0 |  1047
         Elf:2 |       0 |   28128 |   0.0 |       0 |      56 |   0.0 |  1280
         Elf:3 |       0 |   33029 |   0.0 |       0 |      48 |   0.0 |  2705
      Vaults:1 |       0 |   26567 |   0.0 |       0 |      44 |   0.0 |  1565
      Vaults:2 |       0 |   41137 |   0.0 |       0 |      90 |   0.0 |  2176
      Vaults:3 |       0 |   40962 |   0.0 |       0 |      78 |   0.0 |  2017
      Vaults:4 |       0 |   79043 |   0.0 |       0 |     104 |   0.0 |  6420
      Vaults:5 |       0 |   95680 |   0.0 |       0 |     104 |   0.0 |  3186
       Crypt:1 |       0 |   15653 |   0.0 |       0 |      30 |   0.0 |   701
       Crypt:2 |       0 |   27019 |   0.0 |       0 |      51 |   0.0 |   839
       Crypt:3 |       0 |   45885 |   0.0 |       0 |      80 |   0.0 |  1528
        Tomb:1 |       0 |   52505 |   0.0 |       0 |      69 |   0.0 |  1527
        Tomb:2 |       0 |    3956 |   0.0 |       0 |       8 |   0.0 |    12
      Depths:1 |       0 |   31005 |   0.0 |       0 |      48 |   0.0 |  1059
      Depths:2 |       0 |  110407 |   0.0 |       0 |     167 |   0.0 |  2903
      Depths:3 |       0 |   25525 |   0.0 |       0 |      41 |   0.0 |  1788
      Depths:4 |       0 |   17922 |   0.0 |       0 |      25 |   0.0 |  1806
      Depths:5 |       0 |   70836 |   0.0 |       0 |      72 |   0.0 |  3025
       Abyss:3 |    2323 |    1766 |  56.8 |       9 |       3 |  75.0 |   456
           Lab |       0 |    1239 |   0.0 |       0 |       1 |   0.0 |   185
         Sewer |       0 |     115 |   0.0 |       0 |       6 |   0.0 |   168
               +---------+---------+-------+---------+---------+-------+---------
